 Dungeon Crawl Stone Soup version 0.21.1-1-g345015f (webtiles) character file.

67 Ethylacetat the Slasher (level 4, -1/35 HPs)
             Began as a Demonspawn Monk on June 17, 2018.
             Was a Believer of Sif Muna.
             Killed by divine providence
             ... invoked by an orc priest
              (13 damage)
             ... on level 3 of the Dungeon.
             The game lasted 00:06:33 (1873 turns).

Ethylacetat the Slasher (Demonspawn Monk)           Turns: 1873, Time: 00:06:34

Health: -1/35      AC:  9    Str: 12    XL:     4   Next: 0%
Magic:  4/4        EV:  5    Int: 12    God:    Sif Muna [**....]
Gold:   63         SH:  6    Dex: 15    Spells: 3/3 levels left

rFire    . . .     SeeInvis .   a - +0 falchion
rCold    . . .     Gourm    .   m - +2 buckler
rNeg     . . .     Faith    .   b - +0 chain mail
rPois    .         Spirit   .   (helmet restricted)
rElec    .         Reflect  .   (no cloak)
rCorr    .         Harm     .   h - +0 pair of gloves
MR       .....                  (no boots)
Stlth    ..........             (no amulet)
HPRegen  0.11/turn              (no ring)
MPRegen  0.09/turn              (no ring)

@: no status effects
A: horns 1, spiny 1
a: Divine Energy, Renounce Religion


You were on level 3 of the Dungeon.
You worshipped Sif Muna.
Sif Muna was pleased with you.
You were not hungry.

You visited 1 branch of the dungeon, and saw 3 of its levels.

You collected 63 gold pieces.

Inventory:

Hand Weapons
 a - a +0 falchion (weapon)
Armour
 b - a +0 chain mail (worn)
 h - a +0 pair of gloves (worn)
 m - a +2 buckler (worn)
Scrolls
 d - 2 scrolls of fog {unknown}
 i - 2 scrolls of teleportation {unknown}
 j - a scroll of identify {unknown}
 k - 2 scrolls of remove curse {unknown}
 l - a scroll of enchant armour {unknown}
Potions
 e - a potion of heal wounds {unknown}
 g - a potion of magic {unknown}
 n - a potion of brilliance {unknown}
 o - a potion of invisibility {unknown}
 p - a potion of haste {unknown}
 q - 2 potions of curing {unknown}
Comestibles
 c - 6 rations
 f - 3 chunks of flesh


   Skills:
 + Level 3.3 Fighting
 * Level 3.8 Long Blades
 + Level 0.2 Armour
 - Level 2.8 Dodging
 - Level 1.8 Stealth
 * Level 0.8 Shields


You had 3 spell levels left.
You didn't know any spells.

Dungeon Overview and Level Annotations

Branches:
Dungeon (3/15)

Altars:
Sif Muna


Innate Abilities, Weirdness & Mutations

You have a pair of small horns on your head.
You are partially covered in sharp spines.


Message History

The orc priest calls upon Beogh to heal the orc.
The orc's wounds heal themselves!
You hit the orc priest but do no damage.
The orc priest is heavily wounded.
The orc priest is struck by your spines.
The orc priest barely misses you. You block the orc's attack.
The orc hits you but does no damage. You block the orc's attack.
You closely miss the orc priest.
The orc priest is severely wounded.
You block the orc priest's attack. The orc hits you but does no damage.
You block the orc's attack. x2
You hit the orc priest but do no damage.
You headbutt the orc priest.
The orc priest is almost dead.
The orc priest invokes the aid of Beogh against you.
Beogh smites you! The orc hits you but does no damage.
You block the orc's attack.
The orc priest invokes the aid of Beogh against you.
Beogh smites you!
You die...

### ..
.######
##.......
#......#.
#o#....).
#@oo.....
##o######
... .#.#
.#.# .. #
##


You could see 2 orc priests and 2 orcs.

Vanquished Creatures
  2 adders (D:2)
  An ooze (D:2)
  2 worms (D:2)
  2 leopard geckos (D:2)
  An orc (D:2)
  A giant cockroach (D:2)
  4 goblins
  5 hobgoblins (D:1)
  2 jackals (D:1)
  A quokka (D:2)
  A ball python (D:2)
  3 bats
  2 frilled lizards (D:1)
  6 kobolds
  3 rats (D:1)
36 creatures vanquished.

Notes
Turn   | Place    | Note
-------+----------+-------------------------------------------
     0 | D:1      | Ethylacetat the Demonspawn Monk began the quest for the Orb.
     0 | D:1      | Reached XP level 1. HP: 18/18 MP: 1/1
   171 | D:1      | Gained mutation: You are partially covered in sharp spines. [demonic ancestry]
   171 | D:1      | Reached XP level 2. HP: 11/24 MP: 2/2
  1120 | D:2      | Gained mutation: You have a pair of small horns on your head. [demonic ancestry]
  1120 | D:2      | Reached XP level 3. HP: 24/29 MP: 3/3
  1616 | D:2      | Found a faded altar of an unknown god.
  1619 | D:2      | Became a worshipper of Sif Muna the Loreminder
  1619 | D:2      | Reached * piety under Sif Muna
  1619 | D:2      | Reached ** piety under Sif Muna
  1859 | D:2      | Reached XP level 4. HP: 35/35 MP: 4/4
  1873 | D:3      | Killed from afar by an orc priest

Skill      XL: |  1  2 |
---------------+-------+-----
Long Blades    | 3 |  3.8
Fighting       | |  3.3
Armour         | |  0.2
Dodging        | |  2.8
Stealth        | |  1.8
Shields        | |  0.8

Action                   |  1- 3 |  4- 6 || total
-------------------------+-------+-------++-------
Melee: Falchion          |    96 |     8 ||   104
       Headbutt          |    10 |     3 ||    13
  Eat: Chunk             |     3 |       ||     3
Armor: Robe              |     5 |       ||     5
       Chain mail        |    43 |    10 ||    53
Dodge: Dodged            |    42 |     1 ||    43
Block: Buckler           |    19 |     6 ||    25
       Rpst.: Falchion   |    11 |       ||    11
